 Dungeon Crawl Stone Soup version 0.21.1-1-g345015f (webtiles) character file.

632 poirepourri the Firebug (level 7, -3/50 HPs)
             Began as a Green Draconian Fire Elementalist on June 1, 2018.
             Slain by a river rat (8 damage)
             ... summoned by kalagan's ghost
             ... on level 4 of the Dungeon.
             The game lasted 00:06:49 (5539 turns).

poirepourri the Firebug (DrFE)                      Turns: 5539, Time: 00:06:49

Health: -3/50      AC:  6    Str: 11    XL:     7   Next: 24%
Magic:  1/14       EV: 12    Int: 17    God:
Gold:   162        SH:  0    Dex: 11    Spells: 3/16 levels left

rFire    . . .     SeeInvis .   (no weapon)
rCold    . . .     Gourm    .   (no shield)
rNeg     . . .     Faith    .   (armour unavailable)
rPois    +         Spirit   .   (helmet restricted)
rElec    .         Reflect  .   (no cloak)
rCorr    .         Harm     .   (no gloves)
MR       .....                  (no boots)
Stlth    ++........             (no amulet)
HPRegen  0.16/turn              (no ring)
MPRegen  0.14/turn              (no ring)

@: flying, very slightly contaminated
A: breathe noxious fumes, unfitting armour, poison resistance, cold-blooded, AC
+6
a: Breathe Noxious Fumes


You were on level 4 of the Dungeon.
You were not hungry.

You visited 1 branch of the dungeon, and saw 4 of its levels.

You collected 162 gold pieces.

Inventory:

Hand Weapons
 c - a +0 blowgun
Missiles
 l - 5 poisoned needles
Armour
 k - a +1 buckler
Potions
 d - a potion of might {unknown}
 f - 2 potions of flight
 g - a potion of ambrosia {unknown}
 h - a potion of curing
 i - a potion of berserk rage {unknown}
 j - 3 potions of brilliance {unknown}
 o - a potion of cancellation {unknown}
Books
 a - a book of Flames

   Spells                             Type                      Level
   a - Flame Tongue                   Conjuration/Fire             1
   b - Throw Flame                    Conjuration/Fire             2
   c - Conjure Flame                  Conjuration/Fire             3
   d - Inner Flame                    Hexes/Fire                   3
   e - Sticky Flame                   Conjuration/Fire             4
   f - Fireball                       Conjuration/Fire             5
Comestibles
 b - 3 rations


   Skills:
 - Level 1.7 Dodging
 - Level 1.7 Stealth
 - Level 5.1 Spellcasting
 - Level 1.0 Conjurations
 + Level 6.6 Fire Magic


You had 3 spell levels left.
You knew the following spells:

 Your Spells              Type           Power        Failure   Level  Hunger
a - Flame Tongue          Conj/Fire      ###..        3%          1    None
b - Throw Flame           Conj/Fire      ###...       4%          2    #......
c - Conjure Flame         Conj/Fire      ###.....     9%          3    ###....
d - Inner Flame           Hex/Fire       ###.....     11%         3    ###....
e - Sticky Flame          Conj/Fire      ###.....     28%         4    ####...


Dungeon Overview and Level Annotations

Branches:
Dungeon (4/15)
 Temple: D:4-7

Altars:

Annotations:
D:4 kalagan's ghost, amateur DESu


Innate Abilities, Weirdness & Mutations

You can breathe blasts of noxious fumes.
Your lurid green scales are hard. (AC +6)
You cannot fit into any form of body armour.
Your system is resistant to poisons. (rPois)
You are cold-blooded and may be slowed by cold attacks.


Message History

* * * LOW HITPOINT WARNING * * *
The river rat bites you but does no damage.
The river rat closely misses you.
You hit the river rat but do no damage. You tail-slap the river rat.
The river rat is heavily wounded.
The shadow imp disappears in a puff of smoke!
The rat barely misses you. Kalagan's ghost barely misses you.
The river rat bites you but does no damage. x2
The river rat bites you.
* * * LOW HITPOINT WARNING * * *
Unknown command.
Casting: Flame Tongue
Confirm with . or Enter, or press ? or * to list all spells.
You don't have enough magic to cast that spell.
You hit kalagan's ghost but do no damage.
Kalagan's ghost is almost destroyed.
The rat closely misses you.
Kalagan's ghost hits you but does no damage.
The river rat bites you!
You die...

##..........####...
##..#.....r.## ##..
##......##...# ##.
##....#..##..)# ##
#.......#(....# # .
##.#.#.#.(.....# . ####
#....5..#.....## .. ..#
#....r#r.#....# # ..# #.#
#...##@W[.#...# ##
#.###.####...##rr...#..#
#.
###.............5.....#.#
##
.#.###.####.............#
... ..## #.#
#.....#.####### ###
.#####.# #########
.......# .####### †#


You could see kalagan's ghost, a crimson imp, 3 river rats, a white imp and a
rat.

Vanquished Creatures
  Purgy (D:3)
  2 scorpions (D:4)
  Natasha (thrice) (D:2)
  3 orc wizards (D:3)
  4 worker ants (D:4)
  4 gnolls
  6 adders (D:3)
  An ooze (D:3)
  2 worms
  2 dart slugs (D:2)
  2 leopard geckos
  7 orcs
  10 bats
  3 giant cockroaches
  6 goblins
  9 hobgoblins
  9 jackals
  5 kobolds
  2 quokkas
  2 ball pythons (D:1)
  7 frilled lizards
  5 rats
95 creatures vanquished.

Notes
Turn   | Place    | Note
-------+----------+-------------------------------------------
     0 | D:1      | poirepourri the Draconian Fire Elementalist began the quest for the Orb.
     0 | D:1      | Reached XP level 1. HP: 14/14 MP: 3/3
   704 | D:1      | Reached XP level 2. HP: 20/20 MP: 1/5
   708 | D:1      | Learned a level 2 spell: Throw Flame
  1413 | D:1      | Reached XP level 3. HP: 11/26 MP: 0/7
  2053 | D:1      | Learned a level 3 spell: Conjure Flame
  2057 | D:1      | Learned a level 3 spell: Inner Flame
  2708 | D:2      | Noticed Natasha
  2711 | D:2      | Killed Natasha
  2711 | D:2      | Reached XP level 4. HP: 33/33 MP: 3/10
  2738 | D:2      | Noticed Natasha
  2742 | D:2      | Killed Natasha
  2760 | D:2      | Noticed Natasha
  2765 | D:2      | Killed Natasha
  3172 | D:2      | Reached XP level 5. HP: 38/38 MP: 9/12
  3369 | D:3      | Reached skill level 5 in Spellcasting
  3889 | D:3      | Noticed Purgy
  3913 | D:3      | Killed Purgy
  3913 | D:3      | Reached skill level 4 in Fire Magic
  3913 | D:3      | Reached XP level 6. HP: 10/45 MP: 3/13
  4053 | D:3      | Reached skill level 5 in Fire Magic
  4110 | D:3      | Learned a level 4 spell: Sticky Flame
  5029 | D:4      | Reached skill level 6 in Fire Magic
  5029 | D:4      | Your scales start taking on a lurid green colour.
  5029 | D:4      | Reached XP level 7. HP: 38/50 MP: 5/14
  5029 | D:4      | Gained mutation: Your system is resistant to poisons. (rPois) [Green Draconian growth]
  5330 | D:4      | Noticed kalagan's ghost (amateur DESu)
  5539 | D:4      | Slain by a river rat

Skill      XL: |  1  2  3  4  5  6 |
---------------+-------------------+-----
Spellcasting   | 3 4 5 |  5.1
Fire Magic     | 4 6 |  6.6
Dodging        | |  1.7
Stealth        | |  1.7
Conjurations   | |  1.0

Action                   |  1- 3 |  4- 6 |  7- 9 || total
-------------------------+-------+-------+-------++-------
Melee: Unarmed           |    42 |       |    31 ||    73
       Tailslap          |     4 |       |     4 ||     8
 Cast: Flame Tongue      |    61 |   103 |    33 ||   197
       Throw Flame       |    11 |    36 |     6 ||    53
  Use: Scroll            |     3 |     4 |     2 ||     9
       Potion            |       |     1 |     6 ||     7
  Eat: Ration            |     2 |     2 |     1 ||     5
       Chunk             |     1 |       |       ||     1
Armor: Skin              |    21 |    31 |    55 ||   107
Dodge: Dodged            |    45 |    61 |   124 ||   230
